 Dungeon Crawl Stone Soup version 0.31-a0-234-gad7ace16ef (webtiles) character file.

Game seed: 15808240591997939605

509 qw the Shooter (level 7, -2/42 HPs)
             Began as a Gargoyle Hexslinger on July 9, 2023.
             Slain by a black bear (11 damage)
             ... on level 4 of the Dungeon.
             The game lasted 00:01:33 (3836 turns).

qw the Shooter (Gargoyle Hexslinger)                Turns: 3836, Time: 00:01:34

Health: -2/42      AC: 14    Str: 12    XL:     7   Next: 19%
Magic:  8/8        EV: 10    Int: 13    God:
Gold:   141        SH:  0    Dex: 14    Spells: 7/8 levels left

rFire   . . .        k - +1 sling (heavy)
rCold   . . .        (no shield)
rNeg    + . .        j - +0 ring mail
rPois   inf          b - +0 helmet
rElec   +            (no cloak)
rCorr   .            g - +2 pair of gloves
SInv    .            (no boots)
Will    .....        i - amulet of faith
Stlth   +            (no ring)
HPRegen 0.27/turn    (no ring)
MPRegen 0.11/turn

%: faith
@: about to teleport
A: sickness immunity, AC +4, negative energy resistance 1, electricity
resistance, torment resistance 1, petrification resistance
a: no special abilities


You were on level 4 of the Dungeon.
You visited 2 branches of the dungeon, and saw 6 of its levels.
You also visited: Ossuary.

You collected 165 gold pieces.
You spent 24 gold pieces at shops.


Innate Abilities, Weirdness & Mutations

You are immune to sickness and miasma.
Your stone body is resilient. (AC +4)
You are immune to poison.
You resist negative energy. (rN+)
You are resistant to electric shocks. (rElec)
You are resistant to unholy torment.
You are immune to petrification.


   Skills:
 + Level 3.8 Fighting
 - Level 6.6 Ranged Weapons
 - Level 1.0 Armour
 - Level 1.5 Dodging
 - Level 1.0 Spellcasting
 - Level 2.6 Hexes


You had 7 spell levels left.
You knew the following spells:

 Your Spells              Type           Power      Damage    Failure   Level
a - Slow                  Hex            28%        N/A       22%         1

Your spell library contained the following spells:

 Spells                   Type           Power      Damage    Failure   Level
 Inner Flame              Hex/Fire       4%         N/A       73%         3
 Portal Projectile        Hex/Tloc       8%         N/A       73%         3
 Cause Fear               Hex            3%         N/A       91%         4

Inventory:

Hand Weapons
 k - a +1 heavy sling (weapon)
Armour
 b - a +0 helmet (worn)
 g - a +2 pair of gloves (worn)
 j - a +0 ring mail (worn)
Jewellery
 i - an amulet of faith (around neck)
Scrolls
 a - 3 scrolls of teleportation
 h - 2 scrolls of identify
Potions
 c - a potion of resistance
 d - a potion of might
 e - a potion of haste
 f - a potion of heal wounds
 l - a potion of cancellation
 r - 5 potions of curing

Dungeon Overview and Level Annotations

Branches:
Dungeon (5/15)             Temple (1/1) D:4         Ossuary (visited)

Altars:
Ashenzari
Cheibriados
Dithmenos
Elyvilon
Gozag
Qazlal
Ru
Sif Muna
Trog
Vehumet
Yredelemnul
Zin
The Shining One

Shops:
D:1 *

Annotations:
D:3 3 runed translucent doors, qw's ghost, amateur GrHs; qw's ghost, amateur MiHs


Message History

The black bear is severely wounded.
The scorpion stings you but does no damage.
The black bear goes berserk!
The scorpion closely misses you.
You shoot a sling bullet.
The sling bullet hits the black bear but does no damage.
The black bear is severely wounded.
The black bear bites you but does no damage.
The black bear claws you.
The black bear claws you but does no damage.
The scorpion stings you.
The black bear bites you but does no damage.
The black bear claws you.
The black bear claws you but does no damage.
The scorpion closely misses you. The black bear completely misses you.
The black bear claws you but does no damage.
The black bear barely misses you.
You shoot a sling bullet. The sling bullet hits the black bear.
The black bear is severely wounded.
The black bear barely misses you. The black bear closely misses you. x2
The scorpion barely misses you. The black bear bites you.
The black bear claws you but does no damage. x2
The scorpion stings you but does no damage.
The black bear bites you but does no damage.
The black bear barely misses you.
The black bear claws you but does no damage.
You shoot a sling bullet. The sling bullet hits the black bear.
The black bear is severely wounded.
The scorpion completely misses you.
The black bear bites you but does no damage.
The black bear claws you.
The black bear claws you but does no damage.
The scorpion closely misses you. The black bear misses you.
The black bear claws you.
The black bear claws you but does no damage.
The scorpion stings you.
3836 ||| READING 4 scrolls of teleportation.
As you read the scroll of teleportation, it crumbles to dust.
You feel strangely unstable. The black bear bites you!
You die...

....#......'....# #.......#....
....#.....##....# #...>...#....
....#.....##..#######.......##'##
....#.....#######:#....#####.....
....+......#......#....#...#.....
....#.....##......#....#...#.....
....#.....##..##..#....#...#.....
....#.....###'##s.#....#...#.####
.<..'.....##..##@.#....#...#.#...
....#..........#h.#....#...#.'...
....########...#..#....'...#.#...
...........#...+..'.(..#...#.####
...........########....##'##.....
...........#..#..................
...........#..'..................
####.......#..#..................
...#.......#..#..................


You could see a black bear (berserk) and a scorpion.

Vanquished Creatures
  A wraith (Ossuary)
  A black bear (D:3)
  A jelly (D:4)
  A hound (D:4)
  2 iguanas (D:4)
  A mummy (Ossuary)
  3 adders
  3 worms
  3 dart slugs
  An orc (D:5)
  8 ball pythons
  9 endoplasms
  2 giant cockroaches (D:1)
  4 goblins
  9 hobgoblins
  5 kobolds
  5 quokkas (D:1)
  4 bats
  6 frilled lizards
  12 gnoll skeletons (Ossuary)
  4 kobold skeletons (Ossuary)
  8 orc skeletons (Ossuary)
  3 rats
96 creatures vanquished.

Vanquished Creatures (collateral kills)
  An orc skeleton (Ossuary)
1 creature vanquished.

Grand Total: 97 creatures vanquished

Notes
Turn   | Place    | Note
-------+----------+-------------------------------------------
     0 | D:1      | qw the Gargoyle Hexslinger began the quest for the Orb.
     0 | D:1      | Reached XP level 1. HP: 12/12 MP: 2/2
     0 | D:1      | 0 ||| qw: Version: 0.3-a-51-g015441d
     0 | D:1      | 0 ||| qw: Game counter: 4194
     0 | D:1      | 0 ||| qw: Melee chars always use a shield: true
     0 | D:1      | 0 ||| qw: God list: Okawaru
     0 | D:1      | 0 ||| qw: Allow faded altars: false
     0 | D:1      | 0 ||| qw: Do Orc after clearing Dungeon:15 true
     0 | D:1      | 0 ||| qw: Do second Lair branch before Depths: true
     0 | D:1      | 0 ||| qw: Lair rune preference: random
     0 | D:1      | 0 ||| qw: Goals: Normal
     0 | D:1      | 0 ||| PLANNING D:1-11
   162 | D:1      | Reached XP level 2. HP: 16/16 MP: 3/3
   221 | D:1      | Reached skill level 3 in Ranged Weapons
   291 | D:1      | Found Xunacw's General Store.
   295 | D:1      | 295 ||| SHOPLISTING potion of might (48 gold, have 33).
   295 | D:1      | 295 ||| SHOPLISTING ring of protection from fire (300 gold,
                  | have 33).
   295 | D:1      | 295 ||| BUYING scroll of identify (24 gold).
   295 | D:1      | Bought a scroll of identify for 24 gold pieces
   295 | D:1      | 295 ||| SHOPLISTING scroll of teleportation (36 gold, have
                  | 9).
   542 | D:1      | Reached XP level 3. HP: 21/21 MP: 4/4
   838 | D:1      | 838 ||| UPGRADING to +0 leather armour.
   848 | D:1      | 848 ||| DROPPING +0 robe.
   849 | D:1      | 849 ||| UPGRADING to +0 pair of gloves.
   854 | D:1      | 854 ||| UPGRADING to +0 ring mail.
   864 | D:1      | 864 ||| DROPPING +0 leather armour.
   865 | D:1      | 865 ||| UPGRADING to amulet of faith.
   870 | D:1      | 870 ||| READING scroll labelled ZONWIYMACO.
   871 | D:1      | 871 ||| READING scroll labelled PEGGOLACWI.
   876 | D:1      | 876 ||| DROPPING scroll of poison.
  1063 | D:2      | Reached skill level 1 in Armour
  1273 | D:2      | Reached XP level 4. HP: 26/26 MP: 5/5
  1762 | D:2      | 1762 ||| READING scroll labelled AMERAJ WEALEXT.
  1763 | D:2      | 1763 ||| READING 5 scrolls of identify.
  1763 | D:2      | 1763 ||| IDENTIFYING viscous dark potion
  1764 | D:2      | 1764 ||| READING 4 scrolls of identify.
  1764 | D:2      | 1764 ||| IDENTIFYING cyan potion
  1843 | D:3      | Reached skill level 4 in Ranged Weapons
  2130 | D:3      | Found a runed translucent gate.
  2130 | D:3      | Found a runed translucent gate.
  2131 | D:3      | Found a runed translucent gate.
  2133 | D:3      | Noticed qw's ghost (amateur MiHs)
  2133 | D:3      | Noticed qw's ghost (amateur GrHs)
  2362 | D:3      | 2362 ||| UPGRADING to +0 helmet.
  2392 | D:4      | Noticed a black bear
  2393 | D:4      | 2393 ||| PLANNING OSSUARY
  2398 | D:4      | 2398 ||| STAIRDANCE
  2402 | D:3      | Killed a black bear
  2403 | D:3      | Reached skill level 5 in Ranged Weapons
  2403 | D:3      | Reached XP level 5. HP: 21/30 MP: 6/6
  2664 | D:4      | Reached skill level 3 in Fighting
  2664 | D:4      | Reached XP level 6. HP: 30/37 MP: 7/7
  2688 | D:4      | Found a staircase to the Ecumenical Temple.
  2882 | D:4      | Found a sand-covered staircase.
  2887 | Ossuary  | Entered an ossuary
  2887 | Ossuary  | Noticed a wraith
  2887 | Ossuary  | Noticed a wraith
  2887 | Ossuary  | Noticed a wraith
  2951 | Ossuary  | Noticed a wraith
  2969 | Ossuary  | Killed a wraith
  2970 | Ossuary  | Reached skill level 6 in Ranged Weapons
  2970 | Ossuary  | Reached XP level 7. HP: 13/41 MP: 8/8
  3178 | Ossuary  | 3178 ||| READING scroll labelled KICANLO GAYN.
  3179 | Ossuary  | 3179 ||| READING scroll labelled VIANOXT JAOTT.
  3180 | Ossuary  | 3180 ||| READING 3 scrolls labelled ONEYSTUMEZ.
  3181 | Ossuary  | 3181 ||| READING 2 scrolls of enchant armour.
  3181 | Ossuary  | 3181 ||| ENCHANTING +0 pair of gloves.
  3182 | Ossuary  | 3182 ||| READING scroll of enchant armour.
  3182 | Ossuary  | 3182 ||| ENCHANTING +1 pair of gloves.
  3187 | Ossuary  | 3187 ||| READING scroll labelled GAGHEN SAHE.
  3188 | Ossuary  | 3188 ||| READING scroll labelled TOTHEN PAMOR.
  3189 | Ossuary  | 3189 ||| READING 7 scrolls of identify.
  3189 | Ossuary  | 3189 ||| IDENTIFYING murky amethyst potion
  3190 | Ossuary  | 3190 ||| READING 6 scrolls of identify.
  3190 | Ossuary  | 3190 ||| IDENTIFYING murky pink potion
  3191 | Ossuary  | 3191 ||| READING 5 scrolls of identify.
  3191 | Ossuary  | 3191 ||| IDENTIFYING glowing clear potion
  3192 | Ossuary  | 3192 ||| READING 4 scrolls of identify.
  3192 | Ossuary  | 3192 ||| IDENTIFYING sapphire potion
  3193 | Ossuary  | 3193 ||| DROPPING potion of brilliance.
  3194 | Ossuary  | 3194 ||| DROPPING potion of degeneration.
  3202 | D:4      | 3202 ||| PLANNING TEMPLE
  3229 | Temple   | Entered the Ecumenical Temple
  3339 | Temple   | 3339 ||| PLANNING D:1-11
  3744 | D:4      | 3744 ||| READING 3 scrolls of identify.
  3744 | D:4      | 3744 ||| IDENTIFYING purple potion
  3767 | D:5      | Entered Level 5 of the Dungeon
  3774 | D:5      | 3774 ||| STAIRDANCE
  3829 | D:5      | 3829 ||| STAIRDANCE
  3835 | D:4      | HP: 8/42 [scorpion (3)]
  3836 | D:4      | 3836 ||| READING 4 scrolls of teleportation.
  3836 | D:4      | Slain by a black bear

Levels and vault maps discovered:
D:1:      reono_arrival_mine, layout_loops_ring, serial_shops,
          nicolae_shop_back_alley_shop, chequers_serial_rivers_small_3,
          minivault_23
D:2:      cheibrodos_old_hovel, layout_loops_ring,
          chequers_serial_rivers_micro_a, minmay_fractal_squares_gapless_5
D:3:      layout_basic, gammafunk_ghost_cemetery
D:4:      layout_gridville, minmay_temple_entry_mini_moons, enter_ossuary_2,
          minmay_misc_feat_encased, kennysheep_boxes
D:5:      layout_rooms, serial_shops, nicolae_shop_trees
Temple:   dshaligram_water_room_temple

Skill      XL: |  1  2  3  4  5  6 |
---------------+-------------------+-----
Ranged Weapons | 3 5 6 |  6.6
Fighting       | 2 3 |  3.8
Armour         | 1 |  1.0
Dodging        | |  1.5
Spellcasting   | |  1.0
Hexes          | |  2.6

Action                     |  1- 3 |  4- 6 |  7- 9 || total
---------------------------+-------+-------+-------++-------
   Fire: Sling             |   135 |   151 |    47 ||   333
    Use: Scroll            |     2 |     3 |    13 ||    18
 Armour: Robe              |     8 |       |       ||     8
         Ring mail         |    19 |    75 |    36 ||   130
  Dodge: Dodged            |    33 |    79 |    27 ||   139

Table legend:
 A = Non-vault XP
 B = Vault XP
 C = Vault XP percentage of total XP
 D = Non-vault monster count
 E = Vault monster count
 F = Vault count percentage of total count
                 A         B        C        D         E       F
            +---------+---------+-------+---------+---------+-------
      Total |     476 |     252 |  34.6 |      67 |      30 |  30.9
            +---------+---------+-------+---------+---------+-------
        D:1 |      46 |       0 |   0.0 |      27 |       0 |   0.0
        D:2 |      47 |       7 |  13.0 |      18 |       3 |  14.3
        D:3 |     146 |       0 |   0.0 |       9 |       0 |   0.0
        D:4 |     234 |       0 |   0.0 |      12 |       0 |   0.0
        D:5 |       3 |       0 |   0.0 |       1 |       0 |   0.0
    Ossuary |       0 |     245 | 100.0 |       0 |      27 | 100.0
            +---------+---------+-------+---------+---------+-------
